| TOP OF THE 1ST |
|
Scranton WB RailRiders batting - Pitching for Durham Bulls : RHP Cheng-ho Hsu
|
|
Pitching: RHP Cheng-ho Hsu
|
|
|
Batting: LHB Joel Vera
|
0-0: Foul Ball, location: 2F 0-1: Called Strike 0-2: Ball 1-2: Ball 2-2: Reached on error, E6 (Groundball, 6M, EV 101.9 MPH)
|
|
Batting: SHB Victor Ruiz
|
0-0: Called Strike Joel Vera steals 2nd, throwing error, E2 Joel Vera to third 0-1: SINGLE (Groundball, 56D, EV 100.6 MPH) Joel Vera scores
|
|
Batting: SHB Mukhtar Wa'il
|
0-0: Swinging Strike 0-1: SINGLE (Groundball, 34D, EV 103.1 MPH) Victor Ruiz to second Runner from 2nd tries for 3rd, SAFE, no throw by RF
|
|
Batting: RHB Jarrod Joyce
|
0-0: SINGLE (Line Drive, 89S, EV 99.4 MPH) Victor Ruiz scores Mukhtar Wa'il to second
|
|
Batting: LHB Dan Morris
|
0-0: Called Strike 0-1: Swinging Strike 0-2: Foul Ball, location: 2F 0-2: Strikes out swinging
|
|
Batting: RHB Scott King
|
0-0: Ball 1-0: DOUBLE (Line Drive, 7LD, EV 97.5 MPH) Mukhtar Wa'il scores Jarrod Joyce to third
|
|
Batting: SHB Edwin Dominguez
|
0-0: Called Strike 0-1: Ball 1-1: Ground out 4-3 (Groundball, 4, EV 85.6 MPH) Jarrod Joyce scores Scott King to third
|
|
Batting: LHB Aaron Joyner
|
0-0: Called Strike 0-1: Ball 1-1: Ball 2-1: Ball 3-1: Base on Balls
|
|
Batting: LHB Jose Lebron
|
0-0: Ball 1-0: Ball 2-0: SINGLE (Groundball, 6MD, EV 96.9 MPH) Scott King scores Aaron Joyner to second Runner from 2nd tries for 3rd, SAFE, throw by CF made to third Jose Lebron to second
|
|
Pitching: RHP Ray Willenbrink
|
|
|
Batting: LHB Joel Vera
|
0-0: Foul Ball, location: 2F 0-1: Ground out 1-3 (Groundball, 34S, EV 70.0 MPH)
|
| Top of the 1st over - 5 runs, 5 hits, 2 errors, 2 left on base; Scranton WB 5 - Durham 0 |
| TOP OF THE 2ND |
|
Scranton WB RailRiders batting - Pitching for Durham Bulls : RHP Ray Willenbrink
|
|
Batting: SHB Victor Ruiz
|
0-0: Ball 1-0: Ball 2-0: Ground out 4-3 (Groundball, 4, EV 81.2 MPH)
|
|
Batting: SHB Mukhtar Wa'il
|
0-0: Called Strike 0-1: Called Strike 0-2: Strikes out swinging
|
|
Batting: RHB Jarrod Joyce
|
0-0: Called Strike 0-1: Ball 1-1: SINGLE (Line Drive, 56D, EV 105.6 MPH)
|
|
Batting: LHB Dan Morris
|
0-0: Ball 1-0: Ground out 2-3 (Groundball, 13S, EV 60.0 MPH)
|
| Top of the 2nd over - 0 runs, 1 hit, 0 errors, 1 left on base; Scranton WB 5 - Durham 2 |
| BOTTOM OF THE 2ND |
|
Durham Bulls batting - Pitching for Scranton WB RailRiders : RHP John Robidoux
|
|
Batting: LHB Angel Ruvalcaba
|
0-0: Called Strike 0-1: Ground out 6-3 (Groundball, 6, EV 85.6 MPH)
|
|
Batting: RHB Jesse Haddad
|
0-0: Ball 1-0: Foul Ball, location: 2F 1-1: Swinging Strike 1-2: Ball 2-2: Foul Ball, location: 2F 2-2: Ball 3-2: Base on Balls
|
|
Batting: LHB Alex Genao
|
0-0: Fielders Choice at 2nd, 3-6 (Groundball, 3, EV 101.9 MPH)
|
|
Batting: LHB Jake Rheaume
|
0-0: Ball 1-0: Called Strike 1-1: Ground out 2-3 (Groundball, 2L, EV 71.9 MPH)
|
| Bottom of the 2nd over - 0 runs, 0 hits, 0 errors, 1 left on base; Scranton WB 5 - Durham 2 |
| TOP OF THE 3RD |
|
Scranton WB RailRiders batting - Pitching for Durham Bulls : RHP Ray Willenbrink
|
|
Batting: RHB Scott King
|
0-0: Swinging Strike 0-1: Foul Ball, location: 2F 0-2: Strikes out looking
|
|
Batting: SHB Edwin Dominguez
|
0-0: SINGLE (Groundball, P, EV 85.6 MPH) (infield hit)
|
|
Batting: LHB Aaron Joyner
|
0-0: Called Strike 0-1: Swinging Strike 0-2: Ball 1-2: Strikes out swinging
|
|
Batting: LHB Jose Lebron
|
0-0: Ball 1-0: Ball 2-0: Called Strike 2-1: Swinging Strike 2-2: Ball 3-2: Strikes out swinging
|
| Top of the 3rd over - 0 runs, 1 hit, 0 errors, 1 left on base; Scranton WB 5 - Durham 2 |
| BOTTOM OF THE 3RD |
|
Durham Bulls batting - Pitching for Scranton WB RailRiders : RHP John Robidoux
|
|
Batting: RHB Paul Landes
|
0-0: Ball 1-0: Foul Ball, location: 2F 1-1: Called Strike 1-2: SINGLE (Line Drive, 89M, EV 98.8 MPH)
|
|
Batting: LHB Davion Lewis
|
0-0: Ball 1-0: Ball 2-0: Fielders Choice at 2nd, 5-4 (Groundball, 5L, EV 88.1 MPH)
|
|
Batting: LHB Mario Ocana
|
0-0: Called Strike Davion Lewis is caught stealing 2nd base 2-6 0-1: Ball 1-1: Ground out 4-3 (Groundball, 34, EV 90.0 MPH)
|
| Bottom of the 3rd over - 0 runs, 1 hit, 0 errors, 0 left on base; Scranton WB 5 - Durham 2 |
| TOP OF THE 4TH |
|
Scranton WB RailRiders batting - Pitching for Durham Bulls : RHP Ray Willenbrink
|
|
Batting: LHB Joel Vera
|
0-0: Called Strike 0-1: Reached on error, E3 (Groundball, 34, EV 83.1 MPH)
|
|
Batting: SHB Victor Ruiz
|
0-0: Foul Ball, location: 2F 0-1: Ball 1-1: Called Strike 1-2: Ball 2-2: Ball 3-2: Foul Ball, location: 2F 3-2: Base on Balls Joel Vera to second
|
|
Batting: SHB Mukhtar Wa'il
|
0-0: Called Strike 0-1: Ball 1-1: Foul Ball, location: 2F 1-2: Ball 2-2: Strikes out swinging
|
|
Pitching: RHP Antonio Sanchez
|
|
|
Batting: RHB Jarrod Joyce
|
0-0: Ball 1-0: Called Strike 1-1: SINGLE (Flyball, 6MD, EV 90.0 MPH) Joel Vera to third Victor Ruiz to second
|
|
Batting: LHB Dan Morris
|
0-0: Fielders Choice at 2nd, 6-4 (Groundball, 56, EV 78.8 MPH) Joel Vera scores Victor Ruiz to third
|
|
Batting: RHB Scott King
|
0-0: Ball 1-0: Fly out, F7 (Flyball, 7D, EV 106.9 MPH)
|
| Top of the 4th over - 1 run, 1 hit, 1 error, 2 left on base; Scranton WB 6 - Durham 2 |
| BOTTOM OF THE 4TH |
|
Durham Bulls batting - Pitching for Scranton WB RailRiders : RHP John Robidoux
|
|
Batting: SHB Jose Vargas
|
0-0: SINGLE (Groundball, 4MD, EV 93.8 MPH)
|
|
Batting: LHB Danny Hull
|
0-0: Ball 1-0: Ball 2-0: SINGLE (Groundball, 6MD, EV 95.0 MPH) Jose Vargas to second Runner from 2nd tries for 3rd, SAFE, throw by CF made to third
|
|
Batting: LHB Angel Ruvalcaba
|
0-0: Foul Ball, location: 2F 0-1: Called Strike 0-2: Strikes out looking
|
|
Batting: RHB Jesse Haddad
|
0-0: SINGLE (Groundball, 34S, EV 64.4 MPH) (infield hit) Danny Hull to second
|
|
Batting: LHB Alex Genao
|
0-0: Fielders Choice at 2nd, 4-6 (Groundball, 4, EV 103.1 MPH) Jose Vargas scores Danny Hull to third
|
|
Batting: LHB Jake Rheaume
|
0-0: Ball 1-0: Ball 2-0: Ball 3-0: Base on Balls Alex Genao to second
|
|
Batting: RHB Paul Landes
|
0-0: Ball 1-0: Foul Ball, location: 2F 1-1: Ground out 1-3 (Groundball, 34S, EV 65.0 MPH)
|
| Bottom of the 4th over - 1 run, 3 hits, 0 errors, 3 left on base; Scranton WB 6 - Durham 3 |
| TOP OF THE 5TH |
|
Scranton WB RailRiders batting - Pitching for Durham Bulls : RHP Antonio Sanchez
|
|
Batting: SHB Edwin Dominguez
|
0-0: Called Strike 0-1: Called Strike 0-2: Foul Ball, location: 2F 0-2: Foul Ball, location: 2F 0-2: Ball 1-2: Fly out, F7 (Flyball, 7LM, EV 83.8 MPH)
|
|
Batting: LHB Aaron Joyner
|
0-0: Foul Ball, location: 2F 0-1: Ball 1-1: Ball 2-1: Foul Ball, location: 2F 2-2: Strikes out swinging
|
|
Batting: LHB Jose Lebron
|
0-0: Called Strike 0-1: Foul Ball, location: 2F 0-2: Strikes out looking
|
| Top of the 5th over - 0 runs, 0 hits, 0 errors, 0 left on base; Scranton WB 6 - Durham 3 |
| BOTTOM OF THE 5TH |
|
Durham Bulls batting - Pitching for Scranton WB RailRiders : RHP John Robidoux
|
|
Batting: LHB Davion Lewis
|
0-0: Ball 1-0: Ball 2-0: Fly out, F7 (Line Drive, 7S, EV 107.5 MPH)
|
|
Batting: LHB Mario Ocana
|
0-0: Ball 1-0: Foul Ball, location: 2F 1-1: Ball 2-1: Ball 3-1: Foul Ball, location: 2F 3-2: Strikes out looking
|
|
Batting: SHB Jose Vargas
|
0-0: Foul Ball, location: 2F 0-1: Swinging Strike 0-2: Ball 1-2: Ball 2-2: Ground out U3 (Groundball, 3L, EV 83.8 MPH)
|
| Bottom of the 5th over - 0 runs, 0 hits, 0 errors, 0 left on base; Scranton WB 6 - Durham 3 |
| TOP OF THE 6TH |
|
Scranton WB RailRiders batting - Pitching for Durham Bulls : RHP Antonio Sanchez
|
|
Batting: LHB Joel Vera
|
0-0: Ball 1-0: Called Strike 1-1: Ball 2-1: Swinging Strike 2-2: Strikes out swinging
|
|
Batting: SHB Victor Ruiz
|
0-0: DOUBLE (Line Drive, 7LM, EV 99.4 MPH)
|
|
Batting: SHB Mukhtar Wa'il
|
0-0: Intentional Walk
|
|
Batting: RHB Jarrod Joyce
|
0-0: Ball 1-0: SINGLE (Line Drive, 8LS, EV 95.6 MPH) Victor Ruiz to third Mukhtar Wa'il to second Runner from 3rd tries for Home, SAFE, throw by CF to home
|
|
Batting: LHB Dan Morris
|
0-0: Ball 1-0: Foul Ball, location: 2F 1-1: Called Strike 1-2: Ball 2-2: Strikes out swinging
|
|
Batting: RHB Scott King
|
0-0: Foul Ball, location: 2F 0-1: Foul Ball, location: 2F 0-2: Ball 1-2: Ball Passed Ball! Mukhtar Wa'il to third Jarrod Joyce to second 2-2: Ground out 4-3 (Groundball, 4M, EV 105.6 MPH)
|
| Top of the 6th over - 1 run, 2 hits, 0 errors, 2 left on base; Scranton WB 7 - Durham 3 |
| BOTTOM OF THE 6TH |
|
Durham Bulls batting - Pitching for Scranton WB RailRiders : RHP John Robidoux
|
|
Batting: LHB Danny Hull
|
0-0: Called Strike 0-1: Ball 1-1: Called Strike 1-2: Strikes out looking
|
|
Batting: LHB Angel Ruvalcaba
|
0-0: Ball 1-0: Ball 2-0: Called Strike 2-1: Called Strike 2-2: DOUBLE (Line Drive, 89D, EV 105.0 MPH)
|
|
Pitching: RHP Travis Tate
|
|
|
Batting: RHB Jesse Haddad
|
0-0: Ball 1-0: SINGLE (Groundball, 6D, EV 108.1 MPH) Angel Ruvalcaba to third Runner from 3rd tries for Home, SAFE, throw by CF to home
|
|
Batting: LHB Alex Genao
|
0-0: Ball Jesse Haddad steals 2nd base 1-0: Foul Ball, location: 2F 1-1: Foul Ball, location: 2F 1-2: Fly out, F8 (Flyball, 8LD, EV 99.4 MPH) Runner from 2nd tags up, SAFE at 3rd with throw by CF
|
|
Batting: LHB Jake Rheaume
|
0-0: Foul Ball, location: 2F 0-1: Ball 1-1: DOUBLE (Line Drive, 5D, EV 94.4 MPH) Jesse Haddad scores
|
|
Batting: RHB Paul Landes
|
0-0: Called Strike 0-1: Ball 1-1: Ball 2-1: Ball 3-1: Fly out, F8 (Flyball, 8RD, EV 108.1 MPH)
|
| Bottom of the 6th over - 2 runs, 3 hits, 0 errors, 1 left on base; Scranton WB 7 - Durham 5 |
| TOP OF THE 7TH |
|
Scranton WB RailRiders batting - Pitching for Durham Bulls : RHP Antonio Sanchez
|
|
Pitching: RHP Bill Alicea
|
|
|
Batting: SHB Edwin Dominguez
|
0-0: SINGLE (Groundball, 6MD, EV 107.5 MPH)
|
|
Batting: LHB Aaron Joyner
|
0-0: Foul Ball, location: 2F 0-1: Ball 1-1: Called Strike 1-2: Ball 2-2: Strikes out swinging
|
|
Batting: LHB Jose Lebron
|
0-0: Ball 1-0: Foul Ball, location: 2F 1-1: Grounds into double play, 4-6-3 (Groundball, 34, EV 86.9 MPH)
|
| Top of the 7th over - 0 runs, 1 hit, 0 errors, 0 left on base; Scranton WB 7 - Durham 5 |
| BOTTOM OF THE 7TH |
|
Durham Bulls batting - Pitching for Scranton WB RailRiders : RHP Travis Tate
|
|
Pitching: LHP Jose Carmona
|
|
|
Batting: LHB Davion Lewis
|
0-0: Called Strike 0-1: Called Strike 0-2: Strikes out swinging
|
|
Batting: LHB Mario Ocana
|
0-0: Called Strike 0-1: SINGLE (Line Drive, 6D, EV 98.8 MPH)
|
|
Batting: SHB Jose Vargas
|
0-0: Ball 1-0: Called Strike 1-1: Called Strike 1-2: Ball 2-2: Ball 3-2: Fielders Choice at 2nd, 2-4 (Groundball, 15S, EV 72.5 MPH)
|
|
Pinch Hitting: SHB Brett McEwen
|
Pickoff Throw to First - Out! 1-3
|
| Bottom of the 7th over - 0 runs, 1 hit, 0 errors, 0 left on base; Scranton WB 7 - Durham 5 |
| TOP OF THE 8TH |
|
Scranton WB RailRiders batting - Pitching for Durham Bulls : RHP Bill Alicea
|
|
Now at 3B: Devin Brown
|
|
|
Now at SS: Mario Ocana
|
|
|
Batting: LHB Joel Vera
|
0-0: Ball 1-0: Called Strike 1-1: Ball 2-1: SINGLE (Line Drive, 89S, EV 100.0 MPH)
|
|
Batting: SHB Victor Ruiz
|
0-0: Ball Joel Vera steals 2nd, throwing error, E2 Joel Vera to third 1-0: Ball 2-0: Ball 3-0: Called Strike 3-1: Foul Ball, location: 2F 3-2: Strikes out swinging
|
|
Batting: SHB Mukhtar Wa'il
|
0-0: Intentional Walk
|
|
Batting: RHB Jarrod Joyce
|
0-0: DOUBLE (Groundball, 5L, EV 113.1 MPH) Joel Vera scores Mukhtar Wa'il to third
|
|
Batting: LHB Dan Morris
|
0-0: Fly out, F7 (Flyball, 7D, EV 87.5 MPH)
|
|
Batting: RHB Scott King
|
0-0: Ground out 6-3 (Groundball, 6, EV 87.5 MPH)
|
| Top of the 8th over - 1 run, 2 hits, 1 error, 2 left on base; Scranton WB 8 - Durham 5 |
| BOTTOM OF THE 8TH |
|
Durham Bulls batting - Pitching for Scranton WB RailRiders : LHP Jose Carmona
|
|
Batting: RHB Devin Brown
|
0-0: Swinging Strike 0-1: Ground out 5-3 (Groundball, 5, EV 89.4 MPH)
|
|
Batting: LHB Angel Ruvalcaba
|
0-0: Called Strike 0-1: Ball 1-1: Ball 2-1: Called Strike 2-2: Ball 3-2: Foul Ball, location: 2F 3-2: Foul Ball, location: 2F 3-2: Fly out, F8 (Flyball, 8RM, EV 93.8 MPH)
|
|
Batting: RHB Jesse Haddad
|
0-0: SINGLE (Groundball, 6MD, EV 96.9 MPH)
|
|
Batting: LHB Alex Genao
|
0-0: Called Strike 0-1: Ball 1-1: Foul Ball, location: 2F 1-2: Foul Ball, location: 2F 1-2: Ball 2-2: Foul Ball, location: 2F 2-2: Foul Ball, location: 2F 2-2: Ball 3-2: Base on Balls Jesse Haddad to second
|
|
Batting: LHB Jake Rheaume
|
0-0: Called Strike 0-1: Called Strike 0-2: Foul Ball, location: 2F 0-2: Ball 1-2: Foul Ball, location: 2F 1-2: Fly out, F8 (Line Drive, 8RM, EV 84.4 MPH)
|
| Bottom of the 8th over - 0 runs, 1 hit, 0 errors, 2 left on base; Scranton WB 8 - Durham 5 |
| TOP OF THE 9TH |
|
Scranton WB RailRiders batting - Pitching for Durham Bulls : RHP Bill Alicea
|
|
Batting: SHB Edwin Dominguez
|
0-0: Ball 1-0: Ball 2-0: Ball 3-0: Base on Balls
|
|
Batting: LHB Aaron Joyner
|
0-0: Ball 1-0: Ball Edwin Dominguez steals 2nd base 2-0: Ball 3-0: Called Strike 3-1: Foul Ball, location: 2F 3-2: Strikes out swinging
|
|
Batting: LHB Jose Lebron
|
0-0: Ball 1-0: Ball 2-0: Ground out 4-3 (Groundball, 4S, EV 70.0 MPH) Edwin Dominguez to third
|
|
Batting: LHB Joel Vera
|
0-0: Called Strike 0-1: Fly out, F8 (Flyball, 8RD, EV 76.9 MPH)
|
| Top of the 9th over - 0 runs, 0 hits, 0 errors, 1 left on base; Scranton WB 8 - Durham 5 |
| BOTTOM OF THE 9TH |
|
Durham Bulls batting - Pitching for Scranton WB RailRiders : LHP Jose Carmona
|
|
Pitching: RHP Isaias Chavez
|
|
|
Batting: RHB Paul Landes
|
0-0: Ground out U3 (Groundball, 34S, EV 66.2 MPH)
|
|
Batting: LHB Davion Lewis
|
0-0: Called Strike 0-1: Ball 1-1: Swinging Strike 1-2: Ball 2-2: SOLO HOME RUN (Flyball, 9D, EV 95.0 MPH), Distance : 365 ft
|
|
Batting: LHB Mario Ocana
|
0-0: Ball 1-0: Ball 2-0: Called Strike 2-1: Swinging Strike 2-2: Foul Ball, location: 2F 2-2: Foul Ball, location: 2F 2-2: Strikes out swinging, 2-3 out at first.
|
|
Pinch Hitting: LHB Jimmy Buscemi
|
0-0: Ball 1-0: Fly out, F9 (Flyball, 9LS, EV 83.8 MPH)
|
| Bottom of the 9th over - 1 run, 1 hit, 0 errors, 0 left on base; Scranton WB 8 - Durham 6 |
|